Map: Thunderbird LE

Players

Astrea - Winner!

  • Race: Protoss Protoss
  • Spawn Location: 5:00

Hellraiser

  • Race: Protoss Protoss
  • Spawn Location: 11:00

VOD

Have the link to the VOD?

Description

Time

  • Played on: Sept. 6, 2019, 5:31 p.m.
  • Length: 6:51
Show
View Real Time Build Order
Export as new Build Order

Astrea Protoss - Winner!

Build Orders: Phoenix Opening 

Get SALT Encoding   

  12  0:00  Probe  
  13  0:12  Probe  
  14  0:17  Pylon  
  14  0:23  Probe  
  15  0:31  Probe  
  16  0:36  Gateway  
  16  0:39  Probe  
  16  0:45  Assimilator  
  17  0:51  Probe  
  17  0:53  Assimilator  
  18  0:59  Probe  
  19  1:06  Gateway  
  19  1:07  Probe  
  19  1:17  Probe  
  20  1:23  Cybernetics Core  
  21  1:29  Probe  
  22  1:35  Pylon  
  22  1:41  Probe  
  23  1:50  Warp Gate  
  23  1:53  Probe  
  24  2:00  Stalker  
  24  2:01  Stalker  
  28  2:05  Probe  
  29  2:13  Pylon  
  29  2:18  Probe  
  30  2:30  Adept  
  30  2:31  Adept  
  30  2:35  Stargate  
  30  2:36  Probe  
  35  2:59  Probe  
  35  3:15  Probe  
  35  3:18  Phoenix  
  35  3:21  Nexus  
  35  3:27  Probe  
  35  3:29  Pylon  
  36  3:35  Phoenix  
  36  3:40  Probe  
  39  3:52  Probe  
  40  3:58  Phoenix  
  41  4:04  Probe  
  39  4:10  Stalker  
  39  4:15  Phoenix  
  37  4:17  Probe  
  40  4:29  Probe  
  41  4:34  Stalker  
  41  4:37  Stalker  
  45  4:45  Phoenix  
  45  4:48  Pylon  
  47  5:12  Stalker x2  
  51  5:16  Probe x2  
  53  5:29  Probe  
  54  5:36  Stalker x2  
  54  5:39  Probe  
  59  5:46  Probe  
  60  5:50  Phoenix  
  63  6:04  Probe  
  63  6:09  Zealot x2  
  63  6:15  Probe, Phoenix  
  64  6:21  Probe  
  65  6:28  Probe  
  65  6:32  Robotics Facility  
  62  6:41  Zealot x2  
Show
View Real Time Build Order
Export as new Build Order

Hellraiser Protoss 

Build Orders: Oracle Opening, Phoenix Opening 

Get SALT Encoding   

  12  0:00  Probe  
  13  0:12  Probe  
  14  0:17  Pylon  
  14  0:22  Probe  
  15  0:31  Probe  
  16  0:37  Gateway  
  16  0:39  Probe  
  16  0:47  Assimilator  
  17  0:51  Probe  
  17  0:54  Assimilator  
  18  0:59  Probe  
  19  1:07  Gateway  
  19  1:08  Probe  
  19  1:18  Probe  
  20  1:24  Cybernetics Core  
  21  1:30  Probe  
  22  1:34  Pylon  
  22  1:42  Probe  
  23  1:54  Probe  
  23  2:00  Adept x2  
  23  2:01  Warp Gate  
  28  2:06  Probe  
  29  2:12  Pylon  
  29  2:22  Stargate  
  29  2:30  Adept  
  29  2:31  Adept  
  33  2:58  Oracle, Nexus  
  36  3:19  Stalker  
  36  3:21  Stalker  
  36  3:28  Shield Battery  
  36  3:34  Shield Battery, Phoenix  
  38  3:50  Shield Battery  
  38  3:58  Oracle  
  38  4:04  Pylon  
  39  4:21  Robotics Facility  
  39  4:23  Probe  
  38  4:34  Twilight Council  
  38  4:35  Probe  
  38  4:38  Probe  
  37  4:46  Probe  
  37  4:47  Probe, Stalker x2  
  43  4:56  Probe  
  43  4:59  Probe  
  45  5:06  Probe  
  45  5:10  Probe  
  45  5:13  Assimilator  
  47  5:14  Probe  
  47  5:18  Probe  
  48  5:22  Probe  
  48  5:26  Probe  
  50  5:34  Probe  
  50  5:35  Stalker x2  
  53  5:37  Probe  
  54  5:46  Nexus  
  54  5:47  Probe  
  56  5:50  Probe  
  56  5:59  Stalker x2  
  56  6:03  Probe  
  58  6:06  Probe  
  56  6:15  Probe  
  53  6:23  Stalker x2  
  53  6:24  Probe  
  57  6:27  Probe  
  49  6:46  Stalker x2  
Tags
 
Add a new tag
Caveats
  • Supply blocks, unpowered buildings, or Contaminate may cause inaccurate times.
  • Supply counts are checked every 10 seconds.